 Dungeon Crawl Stone Soup version 0.20.1-1-g8b1a95d (webtiles) character file.

28839 Elmdore the Severer (level 13, -10/171 HPs)
             Began as a Hill Orc Berserker on Oct 12, 2017.
             Was the Champion of Trog.
             Killed from afar by a lindwurm (32 damage)
             ... with a blast of flame
             ... on level 5 of the Lair of Beasts.
             The game lasted 00:22:16 (19585 turns).

Elmdore the Severer (Hill Orc Berserker)           Turns: 19585, Time: 00:22:17

Health: -10/171    AC: 17    Str: 26    XL:     13   Next: 41%
Magic:  14/15      EV: 19    Int: 11    God:    Trog [******]
Gold:   1077       SH:  0    Dex: 22    Spells: 12/12 levels left

rFire    . . .     SeeInvis .   F - +0 battleaxe
rCold    . . .     Gourm    .   (shield currently unavailable)
rNeg     . . .     Faith    +   D - +1 swamp dragon scales
rPois    +         Spirit   .   K - +2 helmet
rElec    .         Reflect  .   m - scarf {cloud immunity}
rCorr    .         Harm     .   z - +0 pair of gloves
MR       +....                  t - +0 pair of boots
Stlth    ..........             E - amulet of faith
Regen    0.4/turn               Y - +3 ring of dexterity
MPRegen  0.2/turn               q - +3 ring of dexterity

@: berserking, flying, very quick
A: thin skeletal structure 1, clever 2, magic resistance 1
a: Berserk, Trog's Hand, Brothers in Arms, Burn Spellbooks, Renounce Religion


You were on level 5 of the Lair of Beasts.
You worshipped Trog.
Trog was exalted by your worship.
You were very hungry.

You visited 2 branches of the dungeon, and saw 15 of its levels.
You also visited: Labyrinth and Ossuary.

You collected 1077 gold pieces.

Inventory:

Hand Weapons
 F - a +0 battleaxe (weapon)
Armour
 m - a scarf of cloud immunity (worn)
 t - a +0 pair of boots (worn)
 v - a +1 cloak of magic resistance
 z - a +0 pair of gloves (worn)
 D - +1 swamp dragon scales (worn)
 K - a +2 helmet (worn)
Jewellery
 q - a +3 ring of dexterity (right hand)
 E - an amulet of faith (around neck)
 O - an uncursed amulet of regeneration
 Y - a +3 ring of dexterity (left hand)
Wands
 g - a wand of acid (9/15)
 G - a wand of disintegration (13/24)
 J - a wand of acid (7/15)
 L - a wand of acid (10/15)
 N - a wand of disintegration (9/24)
 U - a wand of acid (8/15)
Scrolls
 d - 7 scrolls of enchant armour
 e - 6 scrolls of remove curse
 l - 2 scrolls of fog
 p - a scroll of random uselessness {unknown}
 r - a scroll of magic mapping {unknown}
 x - a scroll of immolation {unknown}
 y - 4 scrolls of recharging
 A - 5 scrolls of fear
 C - 2 scrolls of blinking
 I - a scroll of summoning {unknown}
 P - a scroll of holy word {unknown}
 Q - a scroll of vulnerability {unknown}
 R - 4 scrolls of teleportation {unknown}
 V - a scroll of identify
Potions
 a - a potion of flight
 b - a potion of cancellation {unknown}
 h - 3 potions of might
 i - a potion of ambrosia {unknown}
 j - a potion of berserk rage
 n - 7 potions of curing
 o - 3 potions of heal wounds
 s - 4 potions of brilliance
 u - 2 potions of agility
 w - 2 potions of mutation
 H - a potion of invisibility {unknown}
 M - a potion of lignification {unknown}
 S - a potion of magic {unknown}
Comestibles
 c - 7 bread rations
 f - 13 royal jellies
 k - 4 meat rations
 B - 10 fruits
 T - a chunk of flesh


   Skills:
 - Level 10.5 Fighting
 + Level 19.2 Axes
 - Level 10.0 Armour
 - Level 8.6 Dodging
 + Level 2.9 Evocations


You had 12 spell levels left.
You didn't know any spells.

Dungeon Overview and Level Annotations

Branches:
Dungeon (10/15)            Temple (0/1) D:4            Lair (5/6) D:8
 Shoals (0/4) Lair:4       Spider (0/4) Lair:3        Slime (0/5) Lair:5
    Orc (0/2) D:10

Altars:
Ashenzari
Dithmenos
Elyvilon
Gozag
Makhleb
Nemelex Xobeh
Ru
Sif Muna
Trog
Vehumet
Xom
Zin

Shops:
D:5 !   D:9 *


Innate Abilities, Weirdness & Mutations

You have a somewhat thin skeletal structure. (Dex +2, Stealth)
Your mind is very acute. (Int +4)
You are resistant to hostile enchantments. (MR+)


Message History

You slice the lindwurm!!
The lindwurm is almost dead.
You slash the lindwurm! You barely miss the lindwurm.
You hear a trumpeting! x2
The lindwurm bites you!
* * * LOW HITPOINT WARNING * * *
The lindwurm claws you but does no damage.
The lindwurm barely misses you. The lindwurm breathes flames at you.
The blast of flame hits you!
* * * LOW HITPOINT WARNING * * *
You are too berserk!
You slice the lindwurm!!
You feel the power of Trog in you as your rage grows.
You kill the lindwurm!
Trog accepts your kill.
You slash the lindwurm! You completely miss the lindwurm.
The lindwurm breathes flames at you. The blast of flame hits you!
You die...

##....§§§≈≈§≈≈≈≈≈§≈§....# ##..P
.....§≈§§≈≈≈≈≈≈§≈≈§≈≈...# #..##
.....§§§≈§≈§...≈§§≈≈≈...## ##...#
....≈§§≈§.§.##...§≈≈≈§§.P###.P..P
....§≈§§≈..## #..≈≈≈≈≈§...#......
....§≈§≈..#. #..≈≈≈§§.P##..##..
#..≈§§≈≈.## #.≈§§§§§.......#.
...≈≈§≈≈.## ##k§§§§§..........
##§.§≈≈≈..#. #@.≈§§§§§...P.....
.#..§≈§§§..## #.k≈≈≈§§......#...P
.#..§§§≈≈...##...≈≈≈§§...#.#...P.
##...§≈§≈≈≈....≈§≈≈§≈........P.#.
##...§§§≈≈≈≈§§≈≈§§§≈≈....P#......
.P....≈§§≈§≈§§≈≈§§≈≈.....P##.#.##
.......≈≈≈§≈§§§§≈≈≈....(..#######
...P.....§≈≈§≈≈§≈.......###
...##.......≈§...§.....##


You could see 2 lindwurms.

Vanquished Creatures
  A minotaur (Lab)
  Fannar (Lair:3)
  A centaur warrior (D:10)
  3 two-headed ogres (D:8)
  Sonja (Lair:2)
  Pikel (D:4)
  2 lindwurms (Lair:5)
  2 black mambas
  8 elephants
  A gargoyle (D:9)
  9 spiny frogs
  3 komodo dragons
  2 rime drakes
  A merfolk (Lair:4)
  A queen bee (D:10)
  3 jumping spiders (Lair:3)
  12 blink frogs
  5 hippogriffs
  Sigmund (D:3)
  A wyvern (Lair:5)
  A redback (Lair:3)
  2 hungry ghosts (D:8)
  Eustachio (D:6)
  2 yaks
  A basilisk (shapeshifter) (D:9)
  A steam dragon (D:8)
  A basilisk (Lair:3)
  14 water moccasins
  4 porcupines
  2 slaves (D:4)
  2 orc warriors
  2 ice beasts
  2 black bears
  5 ogres
  3 phantoms (D:10)
  A sky beast (D:6)
  A necrophage (D:8)
  10 crocodiles
  A big kobold (D:10)
  Blork the orc (D:5)
  12 bullfrogs
  An elf zombie (Ossuary)
  A water moccasin zombie (D:10)
  A wyvern zombie (D:9)
  A scorpion (D:9)
  16 killer bees (D:10)
  2 troll zombies (D:10)
  8 wights
  2 electric eels
  7 crimson imps
  A bullfrog zombie (D:9)
  A centaur zombie (D:7)
  A centaur skeleton (D:9)
  3 hounds
  2 human zombies (Ossuary)
  4 jellies
  2 orc priests
  Crazy Yiuf (D:3)
  2 bullfrog skeletons
  An iguana (D:10)
  Ijyb (D:3)
  10 orc wizards
  4 worker ants
  6 ogre zombies (D:10)
  A big kobold zombie (Ossuary)
  5 mummies
  A hound skeleton (D:5)
  A worker ant zombie (D:3)
  Robin (D:3)
  A howler monkey skeleton (D:7)
  3 gnolls (D:2)
  9 adders
  2 shadow imps
  5 oozes
  2 adder zombies
  An adder skeleton (D:8)
  4 worms
  2 dart slugs (D:1)
  2 leopard geckos
  43 orcs
  7 bats
  6 giant cockroaches
  19 goblins
  11 hobgoblins
  2 jackals (D:2)
  9 kobolds
  2 quokkas
  4 frilled lizards
  A gnoll zombie (Ossuary)
  2 goblin skeletons (D:10)
  3 goblin zombies (D:10)
  5 hobgoblin skeletons (D:10)
  5 hobgoblin zombies
  A jackal zombie (Ossuary)
  2 kobold zombies
  An orc skeleton (D:10)
  13 orc zombies (D:10)
  A quokka skeleton (D:10)
  A quokka zombie (D:8)
  12 rats
  A rat zombie (Ossuary)
  7 fungi
  3 plants
407 creatures vanquished.

Vanquished Creatures (collateral kills)
  2 hydras
  A merfolk siren (Lair:4)
  2 merfolk (Lair:4)
  4 yaks (Lair:4)
  A bullfrog (Lair:2)
10 creatures vanquished.

Vanquished Creatures (others)
  An adder (D:3)
  A kobold (D:3)
  14 fungi
  3 plants (Lair:4)
19 creatures vanquished.

Grand Total: 436 creatures vanquished

Notes
Turn   | Place    | Note
-------+----------+-------------------------------------------
     0 | D:1      | Elmdore the Hill Orc Berserker began the quest for the Orb.
     0 | D:1      | Reached XP level 1. HP: 19/19 MP: 1/1
   145 | D:1      | Reached XP level 2. HP: 13/27 MP: 2/2
   504 | D:1      | Found a sparkling altar of Nemelex Xobeh.
   611 | D:1      | Reached XP level 3. HP: 24/34 MP: 3/3
   618 | D:1      | Gained mutation: Your mind is acute. (Int +2) [potion of mutation]
   618 | D:1      | Gained mutation: You have a somewhat thin skeletal structure. (Dex +2, Stealth) [potion of mutation]
   618 | D:1      | Gained mutation: Your mind is very acute. (Int +4) [potion of mutation]
   943 | D:1      | Reached ** piety under Trog
  1479 | D:2      | Reached skill level 5 in Axes
  1701 | D:2      | Reached skill level 5 in Fighting
  1701 | D:2      | Reached XP level 4. HP: 39/42 MP: 4/4
  2043 | D:3      | Noticed Robin
  2049 | D:3      | Killed Robin
  2049 | D:3      | Reached XP level 5. HP: 48/48 MP: 5/5
  2051 | D:3      | Noticed Sigmund
  2127 | D:3      | Found a shadowy altar of Dithmenos.
  2133 | D:3      | Found a white marble altar of Elyvilon.
  2390 | D:3      | Killed Sigmund
  2390 | D:3      | Reached skill level 6 in Axes
  2390 | D:3      | Reached XP level 6. HP: 39/58 MP: 6/6
  2562 | D:3      | Found an opulent altar of Gozag.
  2622 | D:3      | Found a burning altar of Makhleb.
  2642 | D:3      | Reached *** piety under Trog
  2672 | D:3      | Reached skill level 7 in Axes
  2951 | D:3      | Found a radiant altar of Vehumet.
  3142 | D:3      | Noticed Ijyb
  3145 | D:3      | Noticed a black bear
  3148 | D:3      | Killed Ijyb
  3161 | D:3      | Killed a black bear
  3161 | D:3      | Reached XP level 7. HP: 46/66 MP: 7/7
  3532 | D:3      | Reached skill level 8 in Axes
  3849 | D:3      | Found a deep blue altar of Sif Muna.
  4044 | D:3      | Found a runed door.
  4172 | D:3      | Noticed Crazy Yiuf
  4176 | D:3      | Killed Crazy Yiuf
  4645 | D:4      | Found a staircase to the Ecumenical Temple.
  4802 | D:4      | Reached skill level 9 in Axes
  4802 | D:4      | Reached XP level 8. HP: 18/75 MP: 8/8
  5087 | D:4      | Noticed Pikel
  5099 | D:4      | Killed Pikel
  5099 | D:4      | Reached skill level 10 in Axes
  5177 | D:4      | Found a transporter.
  5191 | D:4      | Found a transporter.
  5372 | D:4      | Reached **** piety under Trog
  5859 | D:5      | Entered Level 5 of the Dungeon
  5927 | D:5      | Found a sand-covered staircase.
  5936 | Ossuary  | Entered an ossuary
  5966 | Ossuary  | Reached skill level 10 in Fighting
  5969 | Ossuary  | Reached XP level 9. HP: 49/85 MP: 9/9
  6291 | Ossuary  | Reached skill level 11 in Axes
  6716 | D:5      | Noticed Blork the orc
  6736 | D:5      | Killed Blork the orc
  6878 | D:5      | Found a sacrificial altar of Ru.
  7202 | D:5      | Found Vanudy's Distillery.
  7454 | D:6      | Noticed Eustachio
  7468 | D:6      | Killed Eustachio
  7693 | D:6      | Found a shimmering altar of Xom.
  8051 | D:7      | Reached skill level 12 in Axes
  8215 | D:7      | Found a shattered altar of Ashenzari.
  8259 | D:7      | Found a shimmering altar of Xom.
  8495 | D:8      | Found a staircase to the Lair.
  8533 | D:8      | Noticed a two-headed ogre
  8538 | D:8      | Killed a two-headed ogre
  8538 | D:8      | Reached skill level 5 in Armour
  8538 | D:8      | Reached XP level 10. HP: 62/94 MP: 10/10
  8714 | D:8      | Noticed a two-headed ogre
  8719 | D:8      | Killed a two-headed ogre
  8719 | D:8      | Reached skill level 13 in Axes
  8765 | D:8      | Received a gift from Trog
  8987 | D:8      | Noticed a two-headed ogre
  8996 | D:8      | Killed a two-headed ogre
  9258 | D:8      | Reached skill level 14 in Axes
  9622 | D:9      | Found a transporter.
  9624 | D:9      | Found a transporter.
  9627 | D:9      | Noticed a gargoyle
  9627 | D:9      | Found a bloodstained altar of Trog.
  9637 | D:9      | Killed a gargoyle
  9647 | D:9      | Gained mutation: You are resistant to hostile enchantments. (MR+) [mutagenic meat]
 10301 | D:9      | Reached XP level 11. HP: 99/99 MP: 11/11
 10314 | D:9      | Found a glowing silver altar of Zin.
 10377 | D:9      | Reached ***** piety under Trog
 10412 | D:9      | Found Immif's General Store.
 10418 | D:9      | Found a deep blue altar of Sif Muna.
 10761 | D:10     | Entered Level 10 of the Dungeon
 10772 | D:10     | Reached skill level 15 in Axes
 11280 | D:10     | Reached skill level 10 in Armour
 11284 | D:10     | Found a staircase to the Orcish Mines.
 11419 | D:10     | Received a gift from Trog
 11460 | D:10     | Noticed a centaur warrior
 11478 | D:10     | Killed a centaur warrior
 12190 | Lair:1   | Entered Level 1 of the Lair of Beasts
 12592 | Lair:1   | Reached skill level 16 in Axes
 13715 | Lair:2   | Noticed a five-headed hydra
 13724 | Lair:2   | Killed a ten-headed hydra
 13759 | Lair:2   | Reached skill level 5 in Dodging
 14077 | Lair:2   | Noticed Sonja
 14112 | Lair:2   | Killed Sonja
 14112 | Lair:2   | Reached XP level 12. HP: 105/105 MP: 12/12
 14515 | Lair:3   | Noticed Fannar
 14644 | Lair:3   | Found a labyrinth entrance.
 14720 | Lab      | Entered a labyrinth
 15027 | Lab      | Noticed a minotaur
 15036 | Lab      | Killed a minotaur
 15182 | Lair:3   | Got a pair of heavily runed boots
 15193 | Lair:3   | Identified the cursed +0 pair of boots of the Moon {*Slow rElec Str+2 Dex+2} (You found it on level 3 of the Lair of Beasts)
 15369 | Lair:3   | Reached skill level 17 in Axes
 15732 | Lair:3   | Found a hole to the Spider Nest.
 16338 | Lair:3   | Killed Fannar
 16338 | Lair:3   | Reached ****** piety under Trog
 16875 | Lair:4   | Reached skill level 18 in Axes
 17044 | Lair:4   | Found a staircase to the Shoals.
 17063 | Lair:4   | HP: 3/107 [merfolk/vampiric trident (10)]
 17094 | Lair:4   | Noticed a four-headed hydra
 17098 | Lair:4   | Killed a five-headed hydra
 17098 | Lair:4   | Reached XP level 13. HP: 34/114 MP: 13/13
 17469 | Lair:4   | Received a gift from Trog
 17667 | Lair:4   | Got a twitching lapis lazuli ring
 17850 | Lair:4   | Identified the ring of the Enemy {Ice Dex+4} (You found it on level 4 of the Lair of Beasts)
 18726 | Lair:5   | Reached skill level 1 in Evocations
 18891 | Lair:5   | Found a staircase to the Slime Pits.
 19074 | Lair:5   | Reached skill level 19 in Axes
 19585 | Lair:5   | Killed from afar by a lindwurm

Skill      XL: |  1  2  3  4  5  6  7  8  9 10 11 12 13 |
---------------+----------------------------------------+-----
Fighting       | 4 5 6 7 8 10 | 10.5
Axes           | 5 6 7 9 10 12 14 16 18 19 | 19.2
Armour         | 5 9 10 | 10.0
Dodging        | 5 8 |  8.6
Evocations     | 2 |  2.9

Action                   |  1- 3 |  4- 6 |  7- 9 | 10-12 | 13-15 || total
-------------------------+-------+-------+-------+-------+-------++-------
Melee: Hand axe          |   116 |   161 |   272 |       |       ||   549
       Battleaxe         |       |       |   126 |   575 |   166 ||   867
Invok: Berserk           |       |     5 |     6 |    12 |     2 ||    25
       Brothers in Arms  |       |       |       |     3 |       ||     3
       Trog's Hand       |       |       |       |     1 |       ||     1
  Use: Potion            |     1 |       |       |     4 |     1 ||     6
       Scroll            |       |       |     2 |    15 |     4 ||    21
 Stab: Distracted        |     1 |       |       |       |       ||     1
       Sleeping          |     1 |       |       |       |       ||     1
  Eat: Chunk             |     3 |     8 |    23 |    40 |     8 ||    82
       Fruit             |       |       |       |     6 |     1 ||     7
Armor: Animal skin       |    19 |       |       |       |       ||    19
       Scale mail        |    14 |    80 |    27 |       |       ||   121
       Chain mail        |       |       |    19 |   254 |       ||   273
       Plate armour      |       |       |   170 |    94 |       ||   264
       Swamp dragon scal |       |       |       |    63 |    53 ||   116
Dodge: Dodged            |    67 |    57 |   102 |   372 |   134 ||   732
